 Dungeon Crawl Stone Soup version 0.31-a0-210-gccc998df9b (webtiles) character file.

Game seed: 4731669585256540634

86 qw the Chopper (level 4, -4/28 HPs)
             Began as a Gargoyle Fighter on June 29, 2023.
             Slain by Sigmund
             ... wielding a +3 scythe of venom
              (6 damage)
             ... on level 2 of the Dungeon.
             The game lasted 00:00:27 (739 turns).

qw the Chopper (Gargoyle Fighter)                    Turns: 739, Time: 00:00:28

Health: -4/28      AC: 10    Str: 21    XL:     4   Next: 49%
Magic:  4/4        EV:  9    Int:  9    God:
Gold:   57         SH:  0    Dex:  9    Spells: 3/3 levels left

rFire   . . .        Y - +1 war axe
rCold   . . .        c - +0 buckler
rNeg    + . .        b - +0 scale mail
rPois   inf          (no helmet)
rElec   +            (no cloak)
rCorr   .            (no gloves)
SInv    .            (no boots)
Will    .....        (no amulet) Stlth
                     (no ring)
HPRegen 0.24/turn    (no ring)
MPRegen 0.09/turn

%: no passive effects
@: confused
A: sickness immunity, AC +3, negative energy resistance 1, electricity
resistance, torment resistance 1, petrification resistance
a: no special abilities


You were on level 2 of the Dungeon.
You visited 1 branch of the dungeon, and saw 2 of its levels.

You collected 57 gold pieces.


Innate Abilities, Weirdness & Mutations

You are immune to sickness and miasma.
Your stone body is resilient. (AC +3)
You are immune to poison.
You resist negative energy. (rN+)
You are resistant to electric shocks. (rElec)
You are resistant to unholy torment.
You are immune to petrification.


   Skills:
 - Level 3.2 Fighting
 + Level 4.2 Axes
 - Level 3.2 Armour
 - Level 3.2 Shields


You had 3 spell levels left.
You didn't know any spells.
Your spell library was empty.

Inventory:

Hand Weapons
 e - a +0 flail
 k - a +0 mace
 Y - a +1 war axe (weapon)
Armour
 b - a +0 scale mail (worn)
 c - a +0 buckler (worn)
Potions
 a - a potion of attraction {unknown}
 d - a potion of might
 f - a potion of berserk rage {unknown}
 h - 2 potions of curing

Dungeon Overview and Level Annotations

Branches:
Dungeon (2/15)

Altars:

Annotations:
D:2 Sigmund


Message History

The adder barely misses you.
You hit the adder.
The adder is lightly wounded.
You barely miss something. You block the adder's attack. Something hits you.
The adder bites you but does no damage.
You slash the adder!
You kill the adder!
You hit something.
You hear some strange, mumbled words.
A magic dart appears from out of thin air!
The magic dart hits you but does no damage.
Something hits you.
Your Axes skill increases to level 4!
You hit the gnoll.
The gnoll is heavily wounded.
You miss something. You block the gnoll's attack.
You hit the gnoll.
The gnoll is severely wounded.
You closely miss something. The gnoll hits you but does no damage.
Something hits you. The gnoll hits you with a +0 club.
You slash the gnoll!
You kill the gnoll!
You miss something.
You hear some strange, mumbled words.
You are confused.
Something hits you but does no damage.
You slash something!
You're too confused to move!
Something hits you!
You bump into the rock wall.
Something hits you!
You bump into the rock wall.
You closely miss something.
You hear some strange, mumbled words.
Something tries to affect you, but you resist.
Something hits you.
You die...

.. ... .....# .##..
#.....# .... ......#
........... .......... g
#.#......> ..####)#{......
.....#.@%.....# #.
#....#.....# #.
###....#.###
####.###..##...#
.........## #..###
#........# #...#
#........#####...###
#.........)).##...<#####.#
#.....>.####......%.....<.


There were no monsters in sight!

Vanquished Creatures
  4 gnolls (D:2)
  2 adders (D:2)
  A dart slug (D:1)
  A ball python (D:1)
  2 bats
  2 endoplasms (D:1)
  3 giant cockroaches (D:1)
  4 goblins (D:1)
  A hobgoblin (D:1)
  2 quokkas
  3 frilled lizards
  A kobold (D:2)
  A rat (D:1)
27 creatures vanquished.

Notes
Turn   | Place    | Note
-------+----------+-------------------------------------------
     0 | D:1      | qw the Gargoyle Fighter began the quest for the Orb.
     0 | D:1      | Reached XP level 1. HP: 14/14 MP: 1/1
     0 | D:1      | 0 ||| qw: Version: 0.3-a-24-g62f9e04
     0 | D:1      | 0 ||| qw: Game counter: 6733
     0 | D:1      | 0 ||| qw: Melee chars always use a shield: true
     0 | D:1      | 0 ||| qw: God list: Okawaru
     0 | D:1      | 0 ||| qw: Allow faded altars: false
     0 | D:1      | 0 ||| qw: Do Orc after clearing Dungeon:15 true
     0 | D:1      | 0 ||| qw: Do second Lair branch before Depths: true
     0 | D:1      | 0 ||| qw: Lair rune preference: random
     0 | D:1      | 0 ||| qw: Goals: Normal, Zot:1-4, Slime:5, God:TSO, Crypt,
                  | Tomb, Abyss, Pan, Hells, Win
     0 | D:1      | 0 ||| PLANNING D:1-11
    38 | D:1      | Reached skill level 2 in Axes
   217 | D:1      | Reached XP level 2. HP: 19/19 MP: 2/2
   271 | D:1      | 271 ||| Stepping ~*~*~tactically~*~*~ (stealth).
   272 | D:1      | 272 ||| Stepping ~*~*~tactically~*~*~ (stealth).
   273 | D:1      | 273 ||| Stepping ~*~*~tactically~*~*~ (stealth).
   466 | D:1      | Reached skill level 3 in Axes
   478 | D:1      | 478 ||| DROPPING +0 club.
   634 | D:1      | 634 ||| DROPPING +6 ring of intelligence.
   635 | D:1      | 635 ||| READING scroll labelled DIMA FAOHECETU.
   636 | D:1      | 636 ||| READING scroll labelled DYUCUKO INOSM.
   637 | D:1      | 637 ||| READING scroll labelled LUS YGOUM UCO.
   638 | D:1      | 638 ||| DRINKING 3 smoky dark potions.
   639 | D:1      | 639 ||| DRINKING 2 brown potions.
   673 | D:2      | Reached XP level 3. HP: 23/23 MP: 3/3
   680 | D:2      | 680 ||| Stepping ~*~*~tactically~*~*~ (stealth).
   682 | D:2      | 682 ||| Stepping ~*~*~tactically~*~*~ (stealth).
   690 | D:2      | 690 ||| Stepping ~*~*~tactically~*~*~ (hiding).
   714 | D:2      | Noticed Sigmund
   726 | D:2      | Reached XP level 4. HP: 12/28 MP: 4/4
   726 | D:2      | HP: 6/28 [Sigmund/+3 scythe of venom (6)]
   727 | D:2      | 727 ||| DRINKING potion of heal wounds.
   732 | D:2      | Reached skill level 4 in Axes
   737 | D:2      | HP: 1/28 [something (9)]
   739 | D:2      | Slain by Sigmund

Levels and vault maps discovered:
D:1:      lemuel_arrival_rhombus, layout_loops_ring, fountainhead
D:2:      layout_rooms, uniq_sigmund

Skill      XL: |  1  2  3  4 |
---------------+-------------+-----
Axes           | 2 3 4 |  4.2
Fighting       | |  3.2
Armour         | |  3.2
Shields        | |  3.2

Action                     |  1- 3 |  4- 6 || total
---------------------------+-------+-------++-------
  Melee: War axe           |    62 |     9 ||    71
    Use: Scroll            |     3 |       ||     3
         Potion            |     2 |     1 ||     3
 Armour: Scale mail        |    29 |     8 ||    37
  Dodge: Dodged            |    23 |     1 ||    24
  Block: Buckler           |    13 |     2 ||    15

Table legend:
 A = Non-vault XP
 B = Vault XP
 C = Vault XP percentage of total XP
 D = Non-vault monster count
 E = Vault monster count
 F = Vault count percentage of total count
                 A         B        C        D         E       F
            +---------+---------+-------+---------+---------+-------
      Total |     123 |       0 |   0.0 |      27 |       0 |   0.0
            +---------+---------+-------+---------+---------+-------
        D:1 |      33 |       0 |   0.0 |      17 |       0 |   0.0
        D:2 |      90 |       0 |   0.0 |      10 |       0 |   0.0
            +---------+---------+-------+---------+---------+-------
